 Dungeon Crawl Stone Soup version 0.29.0-13-gc9e81de378 (webtiles) character file.

Game seed: 6339209176151897617

4300 Ofeo the Arsonist (level 10, -1/73 HPs)
             Began as a Meteoran Fire Elementalist on Sept 9, 2022.
             Was a Follower of Vehumet.
             Killed from afar by an orc wizard (6 damage)
             ... with a magic dart
             ... on level 8 of the Dungeon.
             The game lasted 00:24:01 (2073 turns).

Ofeo the Arsonist (Meteoran Fire Elementalist)      Turns: 2073, Time: 00:24:02

Health: -1/73      AC:  6    Str:  9    XL:     10   Next: 88%
Magic:  6/23       EV: 16    Int: 22    God:    Vehumet [*.....]
Gold:   158        SH:  0    Dex: 15    Spells: 10/25 levels left

rFire   . . .      SeeInvis .   v - +5 mace (protect)
rCold   . . .      Faith    .   (no shield)
rNeg    . . .      Spirit   .   a - +0 robe
rPois   .          Reflect  .   (no helmet)
rElec   .          Harm     .   w - +1 cloak {rCorr}
rCorr   +          Rampage  .   r - +0 pair of gloves
Will    +....                   d - +0 pair of boots
Stlth   ++........              (no amulet)
HPRegen 0.22/turn               m - ring of resist corrosion
MPRegen 0.18/turn               (no ring)

@: glowing
A: sense surroundings 2, otherworldly, glowing, explore regen
a: Renounce Religion


You were on level 8 of the Dungeon.
You worshipped Vehumet.
Vehumet was aware of your devotion.
You visited 2 branches of the dungeon, and saw 11 of its levels.

You collected 158 gold pieces.

Inventory:

Hand Weapons
 n - a +2 whip of flaming
 v - a +5 mace of protection (weapon)
Missiles
 j - 4 boomerangs
Armour
 a - a +0 robe (worn)
 d - a +0 pair of boots (worn)
 e - a scarf of repulsion
 o - a +0 kite shield
 p - the +4 scale mail of Lust {Drain rN+ rCorr Stlth+}
   (You found it on level 6 of the Dungeon)

   rN:        It protects you from negative energy.
   rCorr:     It protects you from acid and corrosion.
   Drain:     It drains your maximum health when unequipped.
   Stlth:     It makes you more stealthy.
 r - a +0 pair of gloves (worn)
 u - +0 acid dragon scales
 w - a +1 cloak of preservation (worn)
Jewellery
 m - a ring of resist corrosion (left hand)
Wands
 c - a wand of light (5)
 g - a wand of charming (8)
Scrolls
 b - a scroll of brand weapon
 i - 2 scrolls of identify {@r1}
 t - a scroll of fear
Potions
 h - 3 potions of heal wounds {@q2}
 k - a potion of flight {unknown}
 l - 2 potions of might {@q4}
 q - 3 potions of curing {@q1}
 s - a potion of degeneration {unknown}


   Skills:
 * Level 2.3 Fighting
 + Level 8.1 Dodging
 + Level 5.5 Stealth
 + Level 8.2 Spellcasting
 + Level 7.8 Conjurations
 + Level 8.5 Fire Magic
 + Level 1.2 Evocations


You had 10 spell levels left.
You knew the following spells:

 Your Spells              Type           Power      Damage    Failure   Level
a - Foxfire               Conj/Fire      100%       2x1d9     1%          1
b - Scorch                Fire           92%        2d10      1%          2
c - Summon Small Mammal   Summ           36%        N/A       8%          1
d - Conjure Flame         Conj/Fire      45%        6-21      1%          3
e - Inner Flame           Hex/Fire       27%        N/A       3%          3
f - Flame Wave            Conj/Fire      45%        2d12      2%          4
g - Apportation           Tloc           18%        N/A       8%          1

Your spell library contained the following spells:

 Spells                   Type           Power      Damage    Failure   Level
 Shock                    Conj/Air       100%       1d9       1%          1
 Necrotise                Necr           36%        1d5       8%          1
 Summon Forest            Summ/Tloc      4%         N/A       90%         5
 Summon Mana Viper        Hex/Summ       9%         N/A       90%         5
 Summon Cactus Giant      Summ           4%         N/A       100%        6


Dungeon Overview and Level Annotations

Branches:
Dungeon (10/15) Zot: 3956  Temple (1/1) D:5 Zot: 569
   Lair: D:8-11         Orc: D:9-12

Altars:
Ashenzari
Cheibriados
Dithmenos
Elyvilon
Fedhas
Gozag
Hepliaklqana
Kikubaaqudgha
Makhleb
Nemelex Xobeh
Okawaru
Qazlal
Ru
Sif Muna
Trog
Uskayaw
Vehumet
Wu Jian
Xom
Yredelemnul
Zin
The Shining One

Annotations:
Temple 2 transporters


Innate Abilities, Weirdness & Mutations

You passively map the area around you.
You are easily found by Zot.
You glow in the dark.
You regain HP and MP as you explore.


Message History

The orc warrior hits you from afar with a +0 trident!
You take 19 damage, and have 35/73 hp.
MASSIVE DAMAGE!!
You now have 6/23 mp.
The centaur misses you. The centaur barely misses you.
The orc warrior hits you from afar with a +0 trident.
The centaur closely misses you. x2
A mysterious force pulls you upwards. The hatch slams shut behind you.
You take 4 damage, and have 31/73 hp.
Casting: Flame Wave (dangerous; 2% risk of failure)
Confirm with . or Enter, or press ? or * to list all spells.
Flames lash the centaur.
The centaur is almost dead.
The centaur's fire resistance burns away.
The centaur hits you but does no damage.
The centaur barely misses you.
You now have 5/23 mp.
Casting: Scorch (safe; 1% risk of failure)
Confirm with . or Enter, or press ? or * to list all spells.
Flames lash the centaur.
The centaur is burned terribly!
You kill the centaur!
Vehumet accepts your kill.
You now have 3/23 mp.
A killer bee comes into view.
A killer bee comes into view. x2
The killer bee buzzes angrily. x2
There is a stone staircase leading up here.
The killer bee barely misses you.
You climb upwards.
The orc warrior misses you. The troll bites you!
* * * LOW HITPOINT WARNING * * *
The troll closely misses you. The troll claws you but does no damage.
The troll bites you!
* * * LOW HITPOINT WARNING * * *
The troll claws you.
* * * LOW HITPOINT WARNING * * *
The troll claws you but does no damage.
The orc warrior hits you but does no damage.
The orc wizard points at you and mumbles some strange words.
The magic dart hits you.
You die...

##### #T..#
#@..# * **
#...oo.# ,
,
....[##...#
* ####
....# #...#
, , #####
,,, , ,* *
, , *,*


You could see a troll, an orc warrior and an orc wizard.

Vanquished Creatures
  A two-headed ogre (D:9)
  Nergalle (D:10)
  Maurice (D:9)
  A wraith (D:9)
  5 yaks (D:9)
  Eustachio (D:4)
  An acid dragon (D:8)
  2 water moccasins
  2 orc warriors
  2 centaurs
  2 phantoms (D:5)
  A necrophage (D:4)
  A gnoll sergeant (D:6)
  3 scorpions
  3 wights (D:8)
  3 howler monkeys
  A hound (D:5)
  A jelly (D:5)
  4 orc priests
  An iguana (D:6)
  3 gnolls (D:6)
  7 adders
  A shadow imp (D:6)
  An ufetubus (D:5)
  A worm (D:4)
  17 orcs
  3 endoplasms
  2 giant cockroaches (D:4)
  3 goblins
  2 hobgoblins
  4 jackals (D:5)
  3 ball pythons
  2 bats
  A kobold (D:2)
  2 rats (D:3)
89 creatures vanquished.

Vanquished Creatures (others)
  A yak (D:9)
  94 foxfires
  2 plants (D:8)
97 creatures vanquished.

Grand Total: 186 creatures vanquished

Notes
Turn   | Place    | Note
-------+----------+-------------------------------------------
     0 | D:1      | Ofeo the Meteoran Fire Elementalist began the quest for the
                  | Orb.
     0 | D:1      | Reached XP level 1. HP: 14/14 MP: 5/5
   105 | D:2      | Reached XP level 2. HP: 18/20 MP: 2/6
   119 | D:3      | Learned a level 2 spell: Scorch
   121 | D:3      | Learned a level 1 spell: Summon Small Mammal
   175 | D:3      | Reached XP level 3. HP: 26/26 MP: 4/8
   222 | D:4      | Noticed an ogre
   258 | D:3      | Found a burning altar of Makhleb.
   345 | D:4      | Reached XP level 4. HP: 33/33 MP: 4/9
   429 | D:4      | Reached XP level 5. HP: 28/38 MP: 1/11
   721 | D:4      | Noticed Eustachio
   728 | D:4      | Killed Eustachio
   729 | D:4      | Reached XP level 6. HP: 27/45 MP: 1/13
   759 | D:4      | Found a shimmering blue altar of Sif Muna.
   759 | D:4      | Found an opulent altar of Gozag.
   766 | D:4      | Reached skill level 5 in Fire Magic
   766 | D:4      | Reached XP level 7. HP: 50/50 MP: 4/14
   800 | D:5      | Entered Level 5 of the Dungeon
   802 | D:5      | Found a staircase to the Ecumenical Temple.
   815 | Temple   | Entered the Ecumenical Temple
   815 | Temple   | Found a transporter.
   815 | Temple   | Found a transporter.
   817 | Temple   | Found a transporter.
   817 | Temple   | Found a transporter.
   830 | Temple   | Became a worshipper of Vehumet
   925 | D:5      | Learned a level 3 spell: Conjure Flame
   929 | D:5      | Learned a level 3 spell: Inner Flame
   934 | D:5      | Learned a level 4 spell: Flame Wave
   936 | D:5      | Learned a level 1 spell: Apportation
   975 | D:5      | Reached skill level 5 in Spellcasting
   975 | D:5      | Reached XP level 8. HP: 57/57 MP: 11/16
  1047 | D:6      | Reached skill level 5 in Dodging
  1116 | D:6      | Reached * piety under Vehumet
  1116 | D:6      | Offered knowledge of Shock by Vehumet.
  1217 | D:7      | Reached skill level 5 in Conjurations
  1306 | D:6      | Gained mutation: You passively map the area around you.
                  | [Meteoran growth]
  1306 | D:6      | Reached XP level 9. HP: 57/62 MP: 14/18
  1379 | D:6      | Identified the +4 scale mail of Lust {Drain rN+ rCorr
                  | Stlth+}
  1633 | D:8      | Noticed a troll
  1674 | D:9      | Noticed a hornet
  1799 | D:9      | Noticed a boulder beetle
  1826 | D:9      | Noticed Maurice
  1834 | D:9      | Killed Maurice
  1835 | D:9      | Reached XP level 10. HP: 66/69 MP: 16/21
  1903 | D:9      | Reached skill level 5 in Stealth
  1908 | D:10     | Entered Level 10 of the Dungeon
  1930 | D:9      | Noticed a two-headed ogre
  1947 | D:9      | Killed a two-headed ogre
  2008 | D:10     | Noticed Nergalle
  2010 | D:10     | Reached skill level 1 in Fighting
  2042 | D:10     | Killed Nergalle
  2043 | D:10     | Reached skill level 1 in Evocations
  2049 | D:10     | Noticed a komodo dragon
  2073 | D:8      | Killed from afar by an orc wizard

Illustrated notes

Levels and vault maps discovered:
D:1:      lightli_arrival_statuegarden, layout_basic
D:2:      layout_loops_ring, basic_altar,
          shapermc_ecumenical_altar_mp_ritualfount
D:3:      layout_rooms, mainiacjoe_overflow_small_starburst,
          columned_hall_lemuel
D:4:      layout_loops_ring, nicolae_overflow_two_pavilions,
          roderic_serpentine_path, minivault_23, uniq_eustachio
D:5:      layout_loops_ring, minmay_temple_entry_junction_2, uniq_menkaure
D:6:      layout_gridville, eino_small_chamber_without_monster
D:7:      layout_loops_ring, uniq_pikel
D:8:      layout_rooms, erik_lair_orcish_takeover, grunt_tough_drop, uniq_maggie
D:9:      layout_loops_ring, nzn_sisyphean_effort, uniq_maurice
D:10:     layout_big_octagon, minmay_orc_entry_temple_small,
          serial_co_window_serial, co_window_of_opportunity_a,
          co_window_paths_a, co_window_paths_a, co_window_corner_a,
          co_window_corner_a, co_window_unsneaky_path_b,
          co_window_of_opportunity_c, co_window_of_opportunity_b,
          co_window_broadway_a, glass_columns_a, glass_columns_a, uniq_nergalle
Temple:   hellmonk_temple_divided_pantheon

Skill      XL: |  1  2  3  4  5  6  7  8  9 10 |
---------------+-------------------------------+-----
Spellcasting   | 3 4 5 7 8 |  8.2
Dodging        | 3 4 5 7 8 |  8.1
Conjurations   | 2 3 4 5 6 7 |  7.8
Fire Magic     | 4 5 6 7 8 |  8.5
Stealth        | 2 3 4 5 |  5.5
Fighting       | 2 |  2.3
Evocations     | 1 |  1.2

Action                   |  1- 3 |  4- 6 |  7- 9 | 10-12 || total
-------------------------+-------+-------+-------+-------++-------
Melee: Unarmed           |     3 |    18 |     1 |       ||    22
       Mace              |       |       |       |     3 ||     3
       Punch             |       |       |       |     1 ||     1
 Cast: Foxfire           |    25 |    14 |    14 |     2 ||    55
       Scorch            |     3 |    27 |    55 |    20 ||   105
       Summon Small Mamm |     1 |       |     3 |       ||     4
       Conjure Flame     |       |       |     8 |     4 ||    12
       Inner Flame       |       |       |     6 |     1 ||     7
       Flame Wave        |       |       |     5 |     7 ||    12
Evoke: Wand              |       |     2 |     7 |     7 ||    16
  Use: Scroll            |     6 |     1 |     4 |     1 ||    12
       Potion            |       |     3 |       |       ||     3
Armor: Robe              |     3 |    11 |     9 |     6 ||    29
Dodge: Dodged            |    10 |    23 |    24 |    26 ||    83
